 Dungeon Crawl Stone Soup version 0.31.0-32-g396128a36d (webtiles) character file.

Game seed: 6704194132253165907

5848 Alphaeus the Grappler (level 10, -12/127 HPs)
             Began as a Troll Shapeshifter on Mar 19, 2024.
             Was the Champion of Jiyva.
             Mangled by a hornet (15 damage)
             ... while paralysed by a hornet
             ... on level 10 of the Dungeon.
             The game lasted 00:09:24 (7121 turns).

Alphaeus the Grappler (Troll Shapeshifter)          Turns: 7121, Time: 00:09:24

Health: -12/127    AC:  3    Str: 36    XL:     10   Next: 51%
Magic:  9/9        EV:  1    Int:  4    God:    Jiyva [******]
Gold:   417        SH:  0    Dex:  7    Spells: 9/9 levels left

rFire   . .          .
                       - Unarmed
rCold   . . .        (no shield)
rNeg    . . .        a - +0 animal skin
rPois   .            (helmet currently unavailable)
rElec   .            (cloak currently unavailable)
rCorr   +            (gloves unavailable)
SInv    .            (boots unavailable)
Will    .....        (no amulet)
Stlth   +            (no ring)
HPRegen 2.81/turn    (no ring)
MPRegen 0.91/turn

%: no passive effects
@: paralysed, lethally poisoned (-12 -> -13), beast-form, slowed
A: beast (slay +4), large, unfitting armour, claws 3, regeneration 1, shaggy fur
1, tough skin 1, robust 3, strong 2, pseudopods 1, noise suppression
a: Begin Untransformation, Renounce Religion, Oozemancy, Slimify


You were on level 10 of the Dungeon.
You worshipped Jiyva.
Jiyva was exalted by your worship.
You were a hulking beast.
You visited 1 branch of the dungeon, and saw 10 of its levels.
You also visited: Sewer.

You collected 417 gold pieces.

Inventory:

Armour
 a - a +0 animal skin (worn)
Jewellery
 t - an amulet of regeneration
Talismans
 c - a beast talisman
 F - a flux talisman
 G - a blade talisman
Wands
 d - a wand of mindburst (11)
 m - a wand of roots (11)
 w - a wand of flame (3)
Scrolls
 b - 2 scrolls of teleportation {unknown}
 k - 4 scrolls of identify {unknown}
 l - 3 scrolls of enchant weapon {unknown}
 n - 2 scrolls of poison {unknown}
 o - a scroll of brand weapon {unknown}
 p - a scroll of summoning {unknown}
 r - 3 scrolls of fog {unknown}
 s - a scroll of blinking
 v - a scroll of revelation {unknown}
 y - a scroll of fear {unknown}
 z - 2 scrolls of enchant armour {unknown}
 A - a scroll of noise {unknown}
 C - a scroll of amnesia {unknown}
 D - 3 scrolls of vulnerability {unknown}
 E - a scroll of immolation {unknown}
 H - a scroll of silence {unknown}
Potions
 e - 2 potions of enlightenment {unknown}
 f - 2 potions of curing
 g - a potion of cancellation {unknown}
 h - a potion of mutation {unknown}
 i - a potion of heal wounds {unknown}
 j - 2 potions of attraction {unknown}
 q - 3 potions of berserk rage {unknown}
 u - 3 potions of haste {unknown}
 x - a potion of brilliance {unknown}
 B - a potion of might {unknown}


   Skills:
 + Level 5.9 Fighting
 - Level 1.5 Dodging
 * Level 10.5 Unarmed Combat
 * Level 9.8 Shapeshifting


You had 9 spell levels left.
You didn't know any spells.
Your spell library contained the following spells:

 Spells                   Type           Power      Damage    Failure   Level
 Apportation              Tloc           0%         N/A       50%         1
 Necrotise                Necr           0%         1d4       50%         1
 Sting                    Conj/Alch      0%         1d3       50%         1
 Summon Small Mammal      Summ           0%         N/A       50%         1
 Static Discharge         Conj/Air       0%         3-3/arc   65%         2
 Airstrike                Air            0%         2d(0-16)  99%         4
 Summon Lightning Spire   Summ/Air       0%         N/A       99%         4


Dungeon Overview and Level Annotations

Branches:
Dungeon (10/15)            Temple (0/1) D:4            Lair (0/5) D:8
  Sewer (visited)
    Orc: D:9-12

Altars:
Makhleb
Nemelex Xobeh
Ru
Vehumet
Xom
The Shining One
Jiyva

Shops:
D:2 :   D:8 :

Annotations:
D:5 2 runed translucent doors, Almanac's ghost, novice TrFi
D:7 2 transporters, Marethyu's ghost, novice DsGl
D:9 3 runed translucent doors, Derpydoo's ghost, journeyman HOBe


Innate Abilities, Weirdness & Mutations

You are a hulking beast.
Your limbs bulge with bestial killing power. (Slay +4)
You are too large for most types of armour.
You have claws for hands.
Your natural rate of healing is unusually fast.
You are covered in fur. (AC +1)
You have tough skin. (AC +1)
You are extremely robust. (+30% HP)
Your muscles are very strong. (Str +8, Int/Dex -2)
Armour fits poorly on your pseudopods.
You passively dampen the noise of your surroundings.


Message History

You are poisoned.
You feel yourself slow down.
You are too injured to fight recklessly!
You are too injured to fight recklessly!
You are too injured to fight recklessly!
You are too injured to fight recklessly!
You are too injured to fight recklessly!
You are too injured to fight recklessly!
You closely miss the hornet. You bludgeon the hornet.
The hornet is lightly wounded.
You feel yourself speed up.
You feel very sick. The hornet closely misses you.
You claw the hornet! You bludgeon the hornet.
The hornet is moderately wounded.
You feel sick.
The hornet stings you but does no damage.
The hornet stings you!
You are more poisoned.
You feel yourself slow down.
You claw the hornet! Your bludgeon misses the hornet.
The hornet is almost dead.
You feel very sick. The hornet stings you!
* * * LOW HITPOINT WARNING * * *
You feel as though you will be slow longer.
You miss the hornet. You bludgeon the hornet.
The hornet is almost dead.
You feel very sick. The hornet stings you!
* * * LOW HITPOINT WARNING * * *
You feel as though you will be slow longer.
The hornet stings you!
* * * LOW HITPOINT WARNING * * *
You suddenly lose the ability to move!
You feel sick. The hornet stings you!
* * * LOW HITPOINT WARNING * * *
You feel as though you will be slow longer.
The hornet stings you!
You die...

#####... #......#
#...... #.....# .#
#.....# #.# ..
#.....###..# ...
#......yk#
..(######.....h#.#
...........).....#
.....>........###...#
..............## #.#
...............# #
.......<.....#....
##############...#
..... ....


You could see a hornet and a wyvern.

Vanquished Creatures
  A two-headed ogre (D:10)
  Pikel (D:7)
  Maurice (D:7)
  Maggie (D:7)
  A troll (D:9)
  Prince Ribbit (D:6)
  5 yaks (D:9)
  Duvessa (D:5)
  2 orc warriors
  2 ice beasts
  A sky beast (D:7)
  A crocodile (Sewer)
  2 ogres (D:5)
  A centaur (D:10)
  2 lemures (D:7)
  2 phantoms
  A kobold brigand (D:8)
  4 bullfrogs
  A scorpion (D:5)
  A gnoll sergeant (D:8)
  5 wights (D:8)
  Dowan (D:5)
  2 killer bees
  2 bombardier beetles
  3 orc priests
  A hound (D:5)
  An iguana (D:7)
  2 sleepcaps
  6 orc wizards
  5 adders
  8 gnolls
  A shadow imp (D:7)
  2 white imps
  2 ufetubi (D:6)
  5 dart slugs
  2 ribbon worms
  18 orcs
  4 bats
  6 endoplasms
  5 giant cockroaches
  6 goblins
  7 hobgoblins
  6 jackals
  6 quokkas
  9 ball pythons
  2 frilled lizards
  10 kobolds
  7 rats
166 creatures vanquished.

Vanquished Creatures (collateral kills)
  A two-headed ogre (D:8)
1 creature vanquished.

Vanquished Creatures (others)
  A wyvern (D:9)
  A centaur (D:9)
  A bullfrog (D:8)
  9 jellies
  2 hounds (D:7)
  An orc priest (D:7)
  Crazy Yiuf (D:5)
  An iguana (D:7)
  3 gnolls (D:8)
  An endoplasm (D:4)
  An orc (D:9)
  2 kobolds (D:8)
24 creatures vanquished.

Grand Total: 191 creatures vanquished

Notes
Turn   | Place    | Note
-------+----------+-------------------------------------------
     0 | D:1      | Alphaeus the Troll Shapeshifter began the quest for the
                  | Orb.
     0 | D:1      | Reached XP level 1. HP: 18/18 MP: 0/0
    43 | D:1      | Reached skill level 1 in Fighting
    86 | D:1      | Reached XP level 2. HP: 19/27 MP: 1/1
   328 | D:1      | Reached XP level 3. HP: 33/33 MP: 2/2
   888 | D:2      | Found Vonagy's Book Shop.
  1888 | D:3      | Reached skill level 4 in Unarmed Combat
  1888 | D:3      | Reached XP level 4. HP: 15/41 MP: 3/3
  1944 | D:3      | Reached XP level 5. HP: 49/49 MP: 4/4
  1972 | D:3      | Found a glowing drain.
  1985 | Sewer    | Entered a sewer
  2043 | Sewer    | Noticed a crocodile
  2051 | Sewer    | Killed a crocodile
  2484 | D:3      | Found a burning altar of Makhleb.
  2484 | D:3      | Found a radiant altar of Vehumet.
  2490 | D:3      | Found a glowing golden altar of the Shining One.
  2492 | D:3      | Found a faded altar of an unknown god.
  2494 | D:3      | Found a sacrificial altar of Ru.
  2505 | D:3      | Prayed at the altar of an unknown god.
  2505 | D:3      | Became a worshipper of Jiyva Jauwaseu the Shapeless
  2505 | D:3      | Reached * piety under Jiyva
  2537 | D:4      | Reached XP level 6. HP: 46/57 MP: 5/5
  2722 | D:4      | Reached ** piety under Jiyva
  2745 | D:4      | Reached skill level 5 in Unarmed Combat
  2778 | D:4      | Found a staircase to the Ecumenical Temple.
  3214 | D:4      | Found a sparkling altar of Nemelex Xobeh.
  3368 | D:5      | Entered Level 5 of the Dungeon
  3373 | D:5      | Reached *** piety under Jiyva
  3449 | D:5      | You fall into a shaft and drop 1 floor!
  3478 | D:6      | Noticed an ice beast
  3486 | D:6      | Killed an ice beast
  3487 | D:6      | Reached skill level 5 in Shapeshifting
  3540 | D:6      | Reached XP level 7. HP: 64/66 MP: 6/6
  3560 | D:6      | Noticed Prince Ribbit
  3579 | D:6      | Killed Prince Ribbit
  3580 | D:6      | Reached skill level 6 in Unarmed Combat
  3917 | D:6      | Gained mutation: You are robust. (+10% HP) [Jiyva's grace]
  3917 | D:6      | Gained mutation: You are very robust. (+20% HP) [Jiyva's
                  | grace]
  3917 | D:6      | Gained mutation: You are extremely robust. (+30% HP)
                  | [Jiyva's grace]
  3917 | D:6      | Gained mutation: You are covered in slimy tendrils that may
                  | disarm your opponents. [Jiyva's grace]
  3979 | D:6      | Reached **** piety under Jiyva
  4075 | D:5      | Reached XP level 8. HP: 91/94 MP: 7/7
  4253 | D:5      | Killed Crazy Yiuf
  4270 | D:5      | Found a large runed translucent door.
  4270 | D:5      | Found a large runed translucent door.
  4279 | D:5      | Noticed Almanac's ghost (novice TrFi)
  4316 | D:5      | Noticed Duvessa
  4321 | D:5      | Noticed Dowan
  4325 | D:5      | Killed Duvessa
  4326 | D:5      | Reached skill level 7 in Unarmed Combat
  4327 | D:5      | Killed Dowan
  4434 | D:5      | Found a runed translucent door.
  4834 | D:6      | Found a shimmering altar of Xom.
  5222 | D:7      | Reached ***** piety under Jiyva
  5391 | D:7      | Noticed Maggie
  5401 | D:7      | Killed Maggie
  5402 | D:7      | Reached skill level 8 in Unarmed Combat
  5433 | D:7      | Found a transporter.
  5435 | D:7      | Noticed Marethyu's ghost (novice DsGl)
  5436 | D:7      | Found a transporter.
  5480 | D:7      | Reached XP level 9. HP: 109/109 MP: 8/8
  5505 | D:7      | Noticed Maurice
  5522 | D:7      | Something stole an amulet of regeneration
  5524 | D:7      | Something stole a flux talisman
  5525 | D:7      | Killed Maurice
  5591 | D:7      | Noticed Pikel
  5596 | D:7      | Killed Pikel
  5751 | D:7      | Reached skill level 9 in Unarmed Combat
  6092 | D:8      | Lost mutation: You are covered in slimy tendrils that may
                  | disarm your opponents. [Jiyva's grace]
  6092 | D:8      | Gained mutation: Your muscles are strong. (Str +4, Int/Dex
                  | -1) [Jiyva's grace]
  6092 | D:8      | Gained mutation: Your muscles are very strong. (Str +8,
                  | Int/Dex -2) [Jiyva's grace]
  6092 | D:8      | Gained mutation: You passively dampen the noise of your
                  | surroundings. [Jiyva's grace]
  6092 | D:8      | Gained mutation: Armour fits poorly on your pseudopods.
                  | [Jiyva's grace]
  6174 | D:8      | Reached skill level 5 in Fighting
  6184 | D:8      | Found a staircase to the Lair.
  6335 | D:8      | Noticed a two-headed ogre
  6354 | D:8      | HP: 1/105 [two-headed ogre/+0 giant spiked club (16)]
  6358 | D:8      | Killed a two-headed ogre
  6359 | D:8      | Reached XP level 10. HP: 12/124 MP: 9/9
  6417 | D:8      | Found Doli's Book Emporium.
  6614 | D:9      | Reached skill level 10 in Unarmed Combat
  6773 | D:9      | Found a runed translucent gate.
  6773 | D:9      | Found a runed translucent gate.
  6773 | D:9      | Found a runed translucent gate.
  6773 | D:9      | Noticed Derpydoo's ghost (journeyman HOBe)
  6990 | D:9      | Reached ****** piety under Jiyva
  7098 | D:10     | Entered Level 10 of the Dungeon
  7107 | D:10     | Noticed a two-headed ogre
  7116 | D:10     | Killed a two-headed ogre
  7120 | D:10     | Paralysed by a hornet for 2 turns
  7121 | D:10     | HP: 3/127 [hornet (12)]
  7121 | D:10     | Mangled by a hornet

Illustrated notes

Levels and vault maps discovered:
D:1:      lightli_arrival_farm, layout_loops_ring
D:2:      layout_basic, serial_shops, shop
D:3:      layout_basic, chequers_temple_overflow_minitemple,
          gup_sewer_entry_bubbles
D:4:      layout_basic, nicolae_overflow_hidden_temple, minmay_temple_entry_grid
D:5:      layout_loops_cross, ebering_ghost_disaster_area,
          uniq_crazy_yiuf_cottage, uniq_duvessa
D:6:      layout_basic, old_standard_altar, uniq_prince_ribbit1
D:7:      hangedman_cross_stitches, layout_basic, gammafunk_ghost_smash,
          uniq_maggie, uniq_maurice, uniq_pikel
D:8:      layout_basic, dpeg_oklobed_lair, serial_shops, shop
D:9:      layout_cross, ebering_ghost_rock_garden, kennysheep_generic_room_13
D:10:     layout_gridville, lemuel_doored_altar, minmay_starry_boxes, uniq_urug

Skill      XL: |  1  2  3  4  5  6  7  8  9 10 |
---------------+-------------------------------+-----
Fighting       | 1 2 3 4 5 |  5.9
Unarmed Combat | 4 5 6 8 9 10 | 10.5
Shapeshifting  | 4 5 6 7 9 |  9.8
Dodging        | |  1.5

Action                     |  1- 3 |  4- 6 |  7- 9 | 10-12 || total
---------------------------+-------+-------+-------+-------++-------
  Melee: Unarmed           |   110 |    91 |   169 |    54 ||   424
         Punch             |     1 |     1 |     8 |     3 ||    13
         Pseudopods        |       |       |     3 |    11 ||    14
    Use: Potion            |       |     1 |     3 |       ||     4
         Scroll            |       |     1 |     1 |       ||     2
   Stab: Sleeping          |     1 |     1 |       |       ||     2
 Armour: Animal skin       |    55 |    57 |   128 |    55 ||   295
         Skin              |       |       |    21 |       ||    21
  Dodge: Dodged            |    43 |    28 |    64 |    24 ||   159
